 Dungeon Crawl Stone Soup version 0.31-a0-1265-gaa4636e842 (webtiles) character file.

Game seed: 3664943146370517236

378805 gohu the Slayer (level 21, -16/202 (221) HPs)
             Began as a Minotaur Fighter on Apr 11, 2023.
             Was the Champion of Makhleb.
             Killed from afar by a deep elf annihilator (68 damage)
             ... with a crystal spear
             ... on level 3 of the Elven Halls on Dec 16, 2023.
             The game lasted 02:00:50 (41710 turns).

gohu the Slayer (Minotaur Fighter)                 Turns: 41710, Time: 02:00:51

HP:   -16/202 (221) AC: 29    Str: 31    XL:     21   Next: 85%
MP:   31/31         EV: 11    Int:  7    God:    Makhleb [******]
Gold: 585           SH: 20    Dex: 12    Spells: 20/20 levels left

rFire   + . .        A - +10 flail "Zonwidil" {speed, Str+4 Int+2}
rCold   x . .        R - +5 Storm Queen's Shield {shock, Fly rElec}
rNeg    . . .        O - +0 plate armour
rPois   .            w - +1 hat {SInv}
rElec   +            a - +1 cloak
rCorr   +            f - +2 pair of gloves
SInv    +            h - +0 pair of boots {Fly}
Will    +++..        i - amulet of Vitality {RegenMP++ Regen++} Stlth
                     I - ring "Pannun" {Fire Will++ rCorr Str-3}
HPRegen 2.13/turn    U - +4 ring of slaying
MPRegen 1.02/turn

%: no passive effects
@: flying, studying Polearms, drained
A: horns 2, retaliatory headbutt
}: 2/15 runes: barnacled, gossamer
a: Renounce Religion, Minor Destruction, Lesser Servant of Makhleb, Major
Destruction, Greater Servant of Makhleb


You were on level 3 of the Elven Halls.
You worshipped Makhleb.
Makhleb was exalted by your worship.
You visited 8 branches of the dungeon, and saw 38 of its levels.
You visited 1 bazaar.
You also visited: Sewer, Bailey and Ice Cave.

You collected 4435 gold pieces.
You spent 3850 gold pieces at shops.

Inventory:

Hand Weapons
 c - a +0 eveningstar of freezing
 A - the +10 flail "Zonwidil" (weapon) {speed, Str+4 Int+2}
   (You found it in an ice cave)

   Str+4:     It affects your strength (+4).
   Int+2:     It affects your intelligence (+2).
Missiles
 E - 2 silver javelins
 W - 2 throwing nets
 Y - 37 javelins (quivered)
Armour
 a - a +1 cloak (worn)
 f - a +2 pair of gloves (worn)
 h - a +0 pair of boots of flying (worn)
 w - a +1 hat of see invisible (worn)
 B - a +2 hat
 O - a +0 plate armour (worn)
 R - the +5 Storm Queen's Shield (worn) {shock, Fly rElec}
   (You found it in a bailey)

   Shock:     When it blocks an attack, it may electrocute the attacker.
   This works even against foes who are a short distance away.
   rElec:     It insulates you from electricity.
   Fly:       It grants you flight.
Jewellery
 d - an amulet of reflection
 i - the amulet of Vitality (around neck) {RegenMP++ Regen++}
   (You bought it in a shop on level 1 of the Vaults)

   [amulet of magic regeneration]

   RegenMP:   It increases your rate of magic regeneration.
   Regen++:   It increases your rate of health regeneration.
 l - a ring of flight
 s - a ring of protection from fire
 u - a +5 ring of evasion
 y - a ring of willpower
 G - a ring of protection from cold
 I - the ring "Pannun" (left hand) {Fire Will++ rCorr Str-3}
   (You found it on level 3 of the Spider Nest)

   [ring of fire]

   Fire:      It enhances your fire magic.
   Str-3:     It affects your strength (-3).
   rF+:       It protects you from fire.
   rC-:       It makes you vulnerable to cold.
   Will++:    It greatly increases your willpower.
   rCorr:     It protects you from acid and corrosion.
 J - a ring of willpower
 N - a ring of resist corrosion
 T - the amulet "Voituoth" {Regen+ Int+3}
   (You found it on level 5 of the Lair of Beasts)

   [amulet of regeneration]

   Int+3:     It affects your intelligence (+3).
   Regen+:    It increases your rate of health regeneration.
 U - a +4 ring of slaying (right hand)
 Z - a +6 ring of dexterity
Wands
 z - a wand of acid (13)
 C - a wand of roots (21)
 K - a wand of digging (8)
Scrolls
 j - 8 scrolls of enchant armour
 k - 11 scrolls of teleportation
 m - 4 scrolls of poison
 n - 5 scrolls of revelation
 p - 7 scrolls of fear
 q - 4 scrolls of brand weapon
 r - a scroll of fog
 t - 4 scrolls of blinking
 x - 9 scrolls of enchant weapon
 D - 6 scrolls of immolation
Potions
 b - 6 potions of might
 e - 27 potions of curing
 g - 3 potions of mutation
 o - 7 potions of enlightenment
 v - 9 potions of haste
 F - 9 potions of lignification
 L - 4 potions of resistance
 M - 2 potions of invisibility
 Q - 18 potions of heal wounds
Miscellaneous
 V - a removed chess piece


   Skills:
 * Level 26.2 Fighting
 + Level 20.2 Maces & Flails
 - Level 2.1 Throwing
 - Level 21.3 Armour
 + Level 6.1 Dodging
 + Level 19.9 Shields
 * Level 15.2 Invocations
 + Level 3.3 Evocations


You had 20 spell levels left.
You didn't know any spells.
Your spell library contained the following spells:

 Spells                   Type           Power      Damage    Failure   Level
 Apportation              Tloc           0%         N/A       90%         1
 Magic Dart               Conj           0%         1d3       90%         1
 Slow                     Hex            0%         N/A       90%         1
 Call Imp                 Summ           0%         N/A       97%         2
 Scorch                   Fire           0%         2d5       97%         2
 Searing Ray              Conj           0%         2d4       97%         2
 Static Discharge         Conj/Air       0%         3-3/arc   97%         2
 Sublimation of Blood     Necr           0%         N/A       97%         2
 Wereblood                Tmut           0%         N/A       97%         2
 Confusing Touch          Hex            0%         N/A       99%         3
 Dazzling Flash           Conj/Hex       0%         N/A       99%         3
 Hailstorm                Conj/Ice       0%         3d5       99%         3
 Inner Flame              Hex/Fire       0%         N/A       99%         3
 Mephitic Cloud           Conj/Pois/Air  0%         N/A       99%         3
 Summon Guardian Golem    Hex/Summ       0%         N/A       99%         3
 Tukima's Dance           Hex            0%         N/A       99%         3
 Vampiric Draining        Necr           0%         2d6       99%         3
 Volatile Blastmotes      Fire/Tloc      0%         2d10      99%         3
 Airstrike                Air            0%         2d(0-16)  100%        4
 Anguish                  Hex/Necr       0%         N/A       100%        4
 Brom's Barrelling Bould  Conj/Erth      0%         2d3       100%        4
 Cause Fear               Hex            0%         N/A       100%        4
 Dimensional Bullseye     Hex/Tloc       0%         N/A       100%        4
 Flame Wave               Conj/Fire      0%         2d4       100%        4
 Fulminant Prism          Conj/Hex       0%         3d5       100%        4
 Iskenderun's Mystic Bla  Conj/Tloc      0%         2d3       100%        4
 Passage of Golubria      Tloc           0%         N/A       100%        4
 Sticky Flame             Conj/Fire      0%         2d3       100%        4
 Summon Ice Beast         Ice/Summ       0%         N/A       100%        4
 Summon Lightning Spire   Summ/Air       0%         N/A       100%        4
 Vhi's Electric Charge    Tloc/Air       0%         N/A       100%        4
 Agony                    Necr           0%         N/A       100%        5
 Alistair's Intoxication  Tmut/Pois      0%         N/A       100%        5
 Arcjolt                  Conj/Air       0%         1d10      100%        5
 Fireball                 Conj/Fire      0%         3d3       100%        5
 Iskenderun's Battlesphe  Conj           0%         2d6       100%        5
 Lee's Rapid Deconstruct  Erth           0%         3d4*      100%        5
 Silence                  Hex/Air        0%         N/A       100%        5
 Yara's Violent Unravell  Hex/Tmut       0%         3d3       100%        5
 Bombard                  Conj/Erth      0%         9d1       100%        6
 Conjure Ball Lightning   Conj/Air       0%         3x3d6     100%        6
 Summon Cactus Giant      Summ           0%         N/A       100%        6
 Enfeeble                 Hex            0%         N/A       100%        7
 Orb of Destruction       Conj           0%         9d5       100%        7
 Spellforged Servitor     Conj/Summ      0%         N/A       100%        7
 Summon Hydra             Summ           0%         N/A       100%        7
 Borgnjor's Revivificati  Necr           0%         N/A       100%        8
 Maxwell's Capacitive Co  Air            0%         ∞         100%        8
 Death's Door             Necr           0%         N/A       100%        9


Dungeon Overview and Level Annotations

Branches:
Dungeon (15/15)            Temple (1/1) D:6            Lair (5/5) D:9
 Shoals (4/4) Lair:2       Spider (4/4) Lair:3          Orc (2/2) D:9
    Elf (3/3) Orc:2        Vaults (4/5) D:13          Crypt (0/3) Vaults:2
 Depths (0/4) D:15          Sewer (visited)          Bailey (visited)
  IceCv (visited)
  Slime: Lair:4-5

Altars:
Ashenzari
Cheibriados
Dithmenos
Elyvilon
Fedhas
Gozag
Hepliaklqana
Kikubaaqudgha
Makhleb
Nemelex Xobeh
Okawaru
Qazlal
Ru
Sif Muna
Trog
Uskayaw
Vehumet
Wu Jian
Xom
Yredelemnul
Zin
The Shining One
Jiyva

Shops:
D:5 *   D:6 (   D:11 !   D:15 !   Orc:2 [[**   Elf:1 (?   Elf:2 :::=
Vaults:1 =   Vaults:3 !

Portals:
Hell: Lair:5

Annotations:
Lair:5 3 runed translucent doors, DavidChitty2's ghost, journeyman GnWn
Spider:1 2 transporters, exclusion: oklob plant, Diaxeb's ghost, adept GrEE; Duhoah Foli's ghost, adept AtWn
Orc:2 2 transporters, Upi Gyme's ghost, journeyman DsIE


Innate Abilities, Weirdness & Mutations

You have a pair of horns on your head.
You reflexively headbutt those who attack you in melee.


Message History

The deep elf zephyrmancer is moderately wounded.
You bludgeon the deep elf zephyrmancer!!
You headbutt the deep elf zephyrmancer.
You kill the deep elf zephyrmancer!
Makhleb accepts your kill.
You bludgeon the deep elf high priest!!
Your headbutt misses the deep elf high priest.
The deep elf high priest is heavily wounded.
You crush the deep elf high priest like a grape!!!
You kill the deep elf high priest!
Makhleb accepts your kill.
You feel better.
You closely miss the deep elf pyromancer.
You hit the deep elf pyromancer but do no damage.
You bludgeon the deep elf pyromancer!!
The deep elf pyromancer is severely wounded.
The deep elf pyromancer hits you but does no damage.
You closely miss the deep elf pyromancer.
The deep elf pyromancer is severely wounded.
You block the deep elf death mage's attack.
You bludgeon the deep elf pyromancer!!
You kill the deep elf pyromancer!
Makhleb accepts your kill.
You sock the deep elf death mage!
The deep elf death mage is lightly wounded.
The deep elf death mage gestures at you while chanting.
The bolt of negative energy hits you!!!
You feel drained.
* * * LOW HITPOINT WARNING * * *
You feel much better.
You feel much better.
You block the deep elf death mage's attack.
You barely miss the deep elf death mage.
Your headbutt misses the deep elf death mage.
The deep elf death mage is lightly wounded.
You sock the deep elf death mage!
Your headbutt misses the deep elf death mage.
The deep elf death mage is moderately wounded.
The deep elf annihilator gestures at you while chanting.
The crystal spear hits you!!!
You die...

###.# ##.....#####'### #e###
##.......## #.#
#.e.###.........###.#
###..............##.#
#########e........###.#
##=....###'.......## #.#
##.......#'##.....## #.#
##........e####...## ###'###
##..PPPPPPPe@####.## ##.....#
#...PPPPPPP...# ### ##.......
#...PPPPPPP...# #........
#...PPP8PPP...#######........
#...PPPPPPP...+.....'........
#...PPPPPPP...#######!.......
##..PPPPPPP..## #........
##...).....## ##.......
##.......#'## ### ##'.....#


You could see a deep elf death mage (empowered) and a deep elf annihilator.

Vanquished Creatures
  Arachne (Spider:3)
  A deep elf master archer (Elf:2)
  4 sphinxes
  Kirke (Spider:3)
  Agnes (Elf:1)
  Ilsuiw (Shoals:2)
  7 emperor scorpions
  A deep elf sorcerer (Elf:3)
  8 vault wardens
  A deep elf elementalist (Elf:3)
  Louise (Shoals:4)
  6 ghost moths
  14 ironbound preservers
  2 stone giants
  A broodmother (Spider:1)
  9 ironbound thunderhulks
  2 formless jellyfish
  Nessos (D:13)
  2 deep elf death magi
  A deep elf annihilator (Elf:3)
  Azrael (D:12)
  3 minotaurs (Shoals:4)
  13 dire elephants
  A crystal guardian (Vaults:3)
  23 slime creatures
  Josephine (Orc:1)
  2 deep elf high priests
  9 yaktaur captains
  2 merfolk javelineers
  7 entropy weavers
  3 merfolk impalers
  Erolcha (Orc:1)
  8 hydras
  4 vault guards
  8 great orbs of eyes
  2 peacekeepers
  A catoblepas (D:14)
  A merfolk avatar (Shoals:1)
  4 ironbound frosthearts
  A sphinx zombie (Vaults:3)
  A jorogumo (Spider:2)
  4 radroaches
  3 two-headed ogres
  2 ogre magi (Vaults:3)
  5 boulder beetles
  31 dancing weapons
  A death knight (D:14)
  15 satyrs
  14 centaur warriors
  A merfolk aquamancer (Shoals:4)
  2 death yaks
  A vampire mage (D:15)
  Urug (Orc:2)
  16 deep elf knights
  5 orc high priests
  Sonja (Lair:1)
  2 skysharks
  8 sea snakes
  8 skeletal warriors
  A sixfirhy (Lair:5)
  4 pharaoh ants
  21 lindwurms
  A golden dragon zombie (D:15)
  2 glowing orange brains
  5 orb spiders
  2 bog bodies (IceCv)
  35 deep trolls
  10 arcanists
  An occultist (Lair:5)
  8 deep elf archers
  8 steelbarb worms
  13 ironbound convokers
  19 harpies
  A tengu zombie (Vaults:1)
  4 necromancers
  24 deep elf pyromancers
  6 orc knights
  A fire giant zombie (Vaults:1)
  2 human zombies
  17 fauns
  27 deep elf zephyrmancers
  6 orc sorcerers
  19 ugly things
  A manticore (shapeshifter) (D:15)
  A sphinx skeleton (D:15)
  24 wolf spiders
  10 cyclopes
  2 moths of wrath (Spider:4)
  Maurice (D:13)
  15 manticores
  An eye of devastation (shapeshifter) (Vaults:1)
  13 vault sentinels
  12 merfolk sirens
  12 elephants
  A smoke demon (Lair:5)
  Maggie (Lair:1)
  5 water nymphs
  An ice statue (IceCv)
  7 demonic crawlers
  2 gargoyles
  3 torpor snails
  3 unseen horrors
  3 black mambas
  12 cane toads
  Psyche (D:12)
  6 kobold demonologists
  2 rime drakes
  2 orange demons (Lair:5)
  4 ice devils
  8 komodo dragons
  A freezing wraith (D:15)
  25 yaktaurs
  An efreet (D:15)
  2 anaconda simulacra (IceCv)
  2 red devils (Lair:5)
  A polar bear (Lair:2)
  5 trolls
  29 merfolk
  3 meliai (Spider:4)
  Prince Ribbit (D:6)
  35 tarantellas
  A hornet (shapeshifter) (D:13)
  6 wind drakes
  Grinder (D:3)
  3 dream sheep
  A spriggan zombie (D:15)
  9 snapping turtles
  13 blink frogs
  Sigmund (D:3)
  A fire giant simulacrum (Vaults:1)
  32 jumping spiders
  2 air elementals
  14 water elementals
  3 wyverns
  A dire elephant simulacrum (IceCv)
  A culicivora (shapeshifter) (D:15)
  23 culicivoras
  7 wraiths
  7 fire elementals
  59 yaks
  A basilisk (D:15)
  2 steam dragons
  A death yak simulacrum (IceCv)
  72 redbacks
  11 vampire mosquitoes
  3 wargs
  2 acid dragons (D:10)
  A harpy simulacrum (IceCv)
  14 two-headed ogre zombies (Orc:1)
  A hydra simulacrum (IceCv)
  A water moccasin (shapeshifter) (Elf:2)
  10 water moccasins
  5 hell hounds
  An ice beast (shapeshifter) (D:15)
  Duvessa (D:6)
  An ice beast (D:7)
  38 orc warriors
  17 wolves
  A human skeleton (Vaults:3)
  11 ogres
  5 centaurs
  2 phantoms
  3 kobold brigands
  Blork the orc (D:4)
  A gnoll sergeant (D:9)
  4 earth elementals
  13 bullfrogs
  2 scorpions
  3 cane toad simulacra (IceCv)
  7 two-headed ogre simulacra (IceCv)
  5 wights (D:9)
  Dowan (D:6)
  14 killer bees
  A troll skeleton (D:10)
  6 spriggan skeletons
  9 electric eels
  2 howler monkeys
  A hound (D:6)
  2 jellies
  14 orc priests
  Crazy Yiuf (D:2)
  An iguana (D:4)
  A sleepcap (D:5)
  18 orc wizards
  3 polar bear simulacra (IceCv)
  5 spriggan simulacra (IceCv)
  4 troll simulacra (IceCv)
  Robin (D:2)
  10 gnolls
  A river rat (Sewer)
  10 adders
  5 naga simulacra (IceCv)
  A shadow imp (D:6)
  8 white imps
  8 ufetubi
  8 worms
  2 dart slugs (D:1)
  69 orcs
  7 ball pythons
  7 endoplasms
  4 giant cockroaches
  28 goblins
  16 hobgoblins
  10 jackals
  25 kobolds
  3 quokkas
  4 bats
  4 frilled lizards
  11 rats
  A spectral weapon (Elf:2)
1527 creatures vanquished.

Vanquished Creatures (collateral kills)
  Jorgrun (D:12)
  A ghost moth (Spider:4)
  3 orb spiders (Spider:4)
  A sea snake (Shoals:4)
  An orc knight (Orc:2)
  2 harpies
  A merfolk siren (Shoals:4)
  A water nymph (Shoals:1)
  A gargoyle (D:12)
  A merfolk (Shoals:2)
  A snapping turtle (Shoals:4)
  A tarantella (Spider:4)
  3 redbacks (Spider:4)
  2 orc warriors (Bailey)
  An orc (Orc:2)
  A goblin (Bailey)
22 creatures vanquished.

Vanquished Creatures (others)
  A deep elf archer (Elf:3)
  A merfolk siren (Shoals:4)
  A merfolk (Shoals:4)
  A jumping spider (Spider:3)
  7 humans (Spider:3)
  An orc wizard (Orc:2)
  A hobgoblin (Bailey)
13 creatures vanquished.

Grand Total: 1562 creatures vanquished

Notes
Turn   | Place    | Note
-------+----------+-------------------------------------------
     0 | D:1      | gohu the Minotaur Fighter began the quest for the Orb.
     0 | D:1      | Reached XP level 1. HP: 19/19 MP: 0/0
   142 | D:2      | Reached XP level 2. HP: 26/27 MP: 1/1
   246 | D:1      | Reached skill level 4 in Fighting
   558 | D:1      | Reached XP level 3. HP: 33/33 MP: 2/2
   939 | D:2      | Noticed Robin
   961 | D:2      | Killed Robin
   962 | D:2      | Reached XP level 4. HP: 30/41 MP: 3/3
  1482 | D:3      | Noticed Sigmund
  1508 | D:3      | Noticed Grinder
  1665 | D:3      | Found a shadowy altar of Dithmenos.
  1701 | D:3      | Found a glowing drain.
  1729 | Sewer    | Entered a sewer
  1848 | Sewer    | Reached skill level 1 in Dodging
  1869 | Sewer    | Reached XP level 5. HP: 47/47 MP: 4/4
  2366 | D:4      | Noticed Blork the orc
  2381 | D:4      | Killed Blork the orc
  2382 | D:4      | Reached skill level 5 in Fighting
  2382 | D:4      | Reached skill level 5 in Maces & Flails
  2382 | D:4      | Reached XP level 6. HP: 53/56 MP: 5/5
  2550 | D:4      | Found a sacrificial altar of Ru.
  2550 | D:4      | Found a radiant altar of Vehumet.
  2605 | D:4      | Found a burning altar of Makhleb.
  2610 | D:4      | Became a worshipper of Makhleb the Destroyer
  2706 | D:5      | Entered Level 5 of the Dungeon
  3092 | D:4      | Reached skill level 5 in Armour
  3221 | D:5      | Reached XP level 7. HP: 59/61 MP: 6/6
  3336 | D:5      | Found Reitotz's Elemental Accessories.
  3372 | D:6      | Found Ymuqij's Weapon Boutique.
  3519 | D:6      | Noticed Prince Ribbit
  3573 | D:6      | HP: 1/61 [Prince Ribbit (13)]
  3574 | D:6      | Killed Prince Ribbit
  3884 | D:3      | Paralysed by Grinder for 3 turns
  3895 | D:3      | Killed Grinder
  3896 | D:3      | Reached skill level 6 in Fighting
  3896 | D:3      | Reached XP level 8. HP: 52/70 MP: 7/7
  4144 | D:3      | Killed Sigmund
  4145 | D:3      | Reached skill level 5 in Shields
  4159 | D:3      | Reached * piety under Makhleb
  4642 | D:5      | Reached skill level 10 in Maces & Flails
  5196 | D:6      | Noticed Duvessa
  5196 | D:6      | Noticed Dowan
  5219 | D:6      | Killed Duvessa
  5221 | D:6      | Killed Dowan
  5222 | D:6      | Reached skill level 7 in Fighting
  5243 | D:6      | Found a staircase to the Ecumenical Temple.
  5267 | D:6      | Reached XP level 9. HP: 79/79 MP: 8/8
  5280 | Temple   | Entered the Ecumenical Temple
  5450 | D:6      | Reached ** piety under Makhleb
  7181 | D:8      | Reached skill level 8 in Fighting
  7269 | D:8      | Reached skill level 1 in Invocations
  7391 | D:9      | Found a staircase to the Lair.
  7693 | D:9      | Reached XP level 10. HP: 89/89 MP: 8/10
  7739 | D:10     | Entered Level 10 of the Dungeon
  7877 | D:10     | Reached *** piety under Makhleb
  7964 | D:10     | Found a white marble altar of Elyvilon.
  8109 | D:10     | Found a flagged portal.
  8118 | Bailey   | Entered a bailey
  8309 | Bailey   | Reached skill level 9 in Fighting
  8478 | Bailey   | Noticed an orc sorcerer
  8489 | Bailey   | Paralysed by an orc sorcerer for 3 turns
  8493 | Bailey   | Killed an orc sorcerer
  8939 | Bailey   | Noticed an orc knight
  8954 | Bailey   | Killed an orc knight
  9021 | Bailey   | Found an iron altar of Okawaru.
  9026 | Bailey   | Noticed a rust devil
  9046 | Bailey   | Found the +5 Storm Queen's Shield {shock, Fly rElec}
  9053 | Bailey   | Identified the +3 leather armour of Dim Light {rN++ rCorr}
  9312 | Bailey   | Reached XP level 11. HP: 99/99 MP: 11/11
  9379 | Bailey   | Acquired a manual of Armour
  9479 | D:11     | Reached skill level 10 in Fighting
  9503 | D:11     | Reached **** piety under Makhleb
  9504 | D:11     | Reached skill level 10 in Armour
  9520 | D:11     | Found a frozen archway.
  9557 | IceCv    | Entered an ice cave
 10443 | IceCv    | Reached skill level 11 in Fighting
 10490 | IceCv    | Noticed a bog body
 10490 | IceCv    | Noticed a bog body
 10500 | IceCv    | Killed a bog body
 10503 | IceCv    | Killed a bog body
 10526 | IceCv    | Got the Meditations on the Iceberg
 10528 | IceCv    | Identified the +10 flail "Zonwidil" {speed, Str+4 Int+2}
 10536 | IceCv    | Identified the +1 ring mail of Hacwoss {Contam Str+6}
 11077 | D:2      | Identified the +1 buckler of the Comet {rF+ Will- Int+3
                  | Dex+2}
 11090 | D:2      | Found a runed translucent door.
 11091 | D:2      | Noticed Crazy Yiuf
 11096 | D:2      | Killed Crazy Yiuf
 11645 | D:9      | Found a staircase to the Orcish Mines.
 12095 | D:10     | Found an opulent altar of Gozag.
 12393 | D:10     | Noticed a two-headed ogre
 12399 | D:10     | Killed a two-headed ogre
 12520 | D:11     | Reached skill level 5 in Invocations
 12526 | D:11     | Reached XP level 12. HP: 112/112 MP: 14/14
 12533 | D:11     | Reached ***** piety under Makhleb
 12699 | D:11     | Reached skill level 12 in Fighting
 12810 | D:11     | Found Bish's Distillery.
 12810 | D:11     | Noticed a boulder beetle
 12833 | D:11     | Killed a boulder beetle
 12865 | D:11     | Bought a potion of mutation for 120 gold pieces
 13083 | D:11     | Reached skill level 10 in Shields
 13195 | Lair:1   | Entered Level 1 of the Lair of Beasts
 13288 | Lair:1   | Noticed a death yak
 13295 | Lair:1   | Killed a death yak
 13296 | Lair:1   | Noticed Sonja
 13301 | Lair:1   | Killed Sonja
 13318 | Lair:2   | Acquired a +0 eveningstar of freezing
 13498 | Lair:1   | Reached skill level 13 in Fighting
 13592 | Lair:1   | Noticed a boulder beetle
 13620 | Lair:1   | Killed a boulder beetle
 13637 | Lair:1   | Noticed Maggie
 13653 | Lair:1   | Killed Maggie
 13720 | Lair:2   | You are sucked into a shaft and drop 2 floors!
 13769 | Lair:5   | Entered Level 5 of the Lair of Beasts
 13955 | Lair:3   | Reached XP level 13. HP: 120/122 MP: 17/17
 14316 | Lair:3   | Found a hole to the Spider Nest.
 14781 | Lair:3   | Reached skill level 14 in Fighting
 14794 | Lair:3   | Reached skill level 15 in Armour
 15116 | Lair:4   | Reached ****** piety under Makhleb
 15391 | Lair:5   | Reached skill level 15 in Fighting
 15569 | Lair:5   | Found a runed translucent gate.
 15569 | Lair:5   | Found a runed translucent gate.
 15569 | Lair:5   | Found a runed translucent gate.
 15570 | Lair:5   | Noticed an azure jelly
 15571 | Lair:5   | Noticed an azure jelly
 15571 | Lair:5   | Noticed an azure jelly
 15571 | Lair:5   | Noticed an acid blob
 15571 | Lair:5   | Noticed an azure jelly
 15572 | Lair:5   | Noticed an acid blob
 15572 | Lair:5   | Noticed an azure jelly
 15572 | Lair:5   | Noticed DavidChitty2's ghost (journeyman GnWn)
 15572 | Lair:5   | Noticed an acid blob
 15572 | Lair:5   | Noticed a rockslime
 15572 | Lair:5   | Noticed an acid blob
 15577 | Lair:5   | Found a viscous altar of Jiyva.
 16036 | Lair:5   | Reached XP level 14. HP: 135/135 MP: 19/19
 16041 | Lair:5   | Found a burning altar of Makhleb.
 16068 | Lair:5   | Found a gateway to Hell.
 16075 | Lair:5   | Identified the amulet "Voituoth" {Regen+ Int+3}
 16649 | Lair:2   | Found a staircase to the Shoals.
 17101 | D:12     | Noticed Psyche
 17106 | D:12     | Killed Psyche
 17156 | D:12     | Reached skill level 16 in Fighting
 17223 | D:12     | Noticed Jorgrun
 17246 | D:12     | Killed Jorgrun
 17600 | D:12     | Noticed Azrael
 17657 | D:12     | Killed Azrael
 18091 | Orc:1    | Entered Level 1 of the Orcish Mines
 18316 | Orc:1    | Noticed Erolcha
 18333 | Orc:1    | Killed Erolcha
 18468 | Orc:2    | Entered Level 2 of the Orcish Mines
 18468 | Orc:2    | Noticed Urug
 18473 | Orc:2    | Killed Urug
 18608 | Orc:2    | Found a transporter.
 18673 | Orc:2    | Found a staircase to the Elven Halls.
 18747 | Orc:2    | Noticed Upi Gyme's ghost (journeyman DsIE)
 18782 | Orc:2    | Found a transporter.
 19402 | Orc:2    | Found Beodduon's Antique Armour Boutique.
 19402 | Orc:2    | Found Jyetud's Antique Armour Emporium.
 19404 | Orc:2    | Found Kaguri's General Store.
 19404 | Orc:2    | Found Etez's General Store.
 19413 | Orc:2    | Bought a scroll of teleportation for 45 gold pieces
 19413 | Orc:2    | Bought a potion of might for 60 gold pieces
 19413 | Orc:2    | Bought a scroll of identify for 30 gold pieces
 19414 | Orc:2    | Bought a scroll of enchant armour for 127 gold pieces
 19414 | Orc:2    | Bought 2 potions of heal wounds for 170 gold pieces
 19418 | Orc:2    | Bought a runed cloak for 165 gold pieces
 19418 | Orc:2    | Bought a pair of runed boots for 165 gold pieces
 19698 | Orc:1    | Noticed Josephine
 19699 | Orc:1    | Reached skill level 17 in Fighting
 19706 | Orc:1    | Killed Josephine
 20056 | D:13     | Reached skill level 5 in Dodging
 20080 | D:13     | Found a glowing silver altar of Zin.
 20197 | D:13     | Reached XP level 15. HP: 147/147 MP: 20/20
 20276 | D:13     | Noticed Nessos
 20294 | D:13     | Killed Nessos
 20456 | D:13     | Reached skill level 1 in Evocations
 20545 | D:13     | Found a gate to the Vaults.
 20651 | D:13     | Noticed Maurice
 20710 | D:13     | Killed Maurice
 20987 | D:15     | Entered Level 15 of the Dungeon
 21038 | D:14     | Reached skill level 15 in Maces & Flails
 21092 | D:15     | Identified the +9 whip of Emux {flame, +Blink rC+}
 21151 | D:14     | Reached skill level 15 in Shields
 21240 | D:14     | Found a blossoming altar of Fedhas.
 22278 | D:15     | Found a staircase to the Depths.
 22410 | D:15     | Found Dyg Nucety's Distillery.
 22417 | D:15     | Bought a potion of curing for 33 gold pieces
 22417 | D:15     | Bought a potion of haste for 110 gold pieces
 22417 | D:15     | Bought a potion of resistance for 110 gold pieces
 22417 | D:15     | Bought a potion of might for 44 gold pieces
 22417 | D:15     | Bought a potion of heal wounds for 55 gold pieces
 22417 | D:15     | Bought a potion of heal wounds for 55 gold pieces
 22886 | Shoals:1 | Entered Level 1 of the Shoals
 23202 | Shoals:1 | Reached skill level 18 in Fighting
 23220 | Shoals:1 | Reached skill level 10 in Invocations
 23834 | Shoals:2 | Found a flickering gateway to a bazaar.
 23843 | Bazaar   | Entered a bazaar
 23843 | Bazaar   | Found Ateps's Antique Armour Boutique.
 23883 | Bazaar   | Found Wuor's General Store.
 23891 | Bazaar   | Found Yliedeg's Antique Weapon Shoppe.
 23902 | Bazaar   | Found Zuiqud's Book Boutique.
 23914 | Bazaar   | Found Kaif's Distillery.
 23958 | Bazaar   | Bought a potion of heal wounds for 45 gold pieces
 23958 | Bazaar   | Bought a potion of curing for 27 gold pieces
 23958 | Bazaar   | Bought a potion of curing for 27 gold pieces
 23958 | Bazaar   | Bought a potion of heal wounds for 45 gold pieces
 23958 | Bazaar   | Bought a potion of might for 36 gold pieces
 23969 | Bazaar   | Bought a pair of glowing boots for 247 gold pieces
 24270 | Shoals:2 | Reached XP level 16. HP: 159/159 MP: 22/22
 24455 | Shoals:2 | Noticed Ilsuiw
 24475 | Shoals:2 | Killed Ilsuiw
 24975 | Shoals:4 | Entered Level 4 of the Shoals
 25243 | Shoals:3 | Reached skill level 19 in Fighting
 25814 | Shoals:4 | Noticed Louise
 26037 | Shoals:4 | Killed Louise
 27014 | Shoals:4 | Reached skill level 20 in Fighting
 27124 | Shoals:4 | Identified the +11 rapier "Ugheaca" {venom, rF+ Int+3}
 27218 | Shoals:4 | Noticed a sphinx
 27228 | Shoals:4 | Killed a sphinx
 27400 | Shoals:4 | Reached XP level 17. HP: 123/170 MP: 24/24
 27636 | Shoals:4 | Got a barnacled rune of Zot
 28113 | Spider:1 | Entered Level 1 of the Spider Nest
 28146 | Spider:1 | Found a transporter.
 28156 | Spider:1 | Noticed Diaxeb's ghost (adept GrEE)
 28180 | Spider:1 | Noticed Duhoah Foli's ghost (adept AtWn)
 28343 | Spider:1 | Found a transporter.
 29067 | Spider:2 | Reached skill level 21 in Fighting
 30295 | Spider:3 | Identified the ring "Pannun" {Fire Will++ rCorr Str-3}
 30551 | Spider:3 | Noticed Arachne
 30568 | Spider:3 | Noticed Kirke
 30596 | Spider:3 | Killed Arachne
 30605 | Spider:3 | Killed Kirke
 31117 | Spider:4 | Entered Level 4 of the Spider Nest
 31143 | Spider:3 | Reached skill level 22 in Fighting
 31527 | Spider:4 | Reached XP level 18. HP: 184/184 MP: 26/26
 32623 | Spider:4 | Identified the orb "Quriok" {*channel, rF- rC+ Int+2 Dex+3}
 32641 | Spider:4 | Got a gossamer rune of Zot
 32958 | Spider:4 | Upgraded the game from 0.30-a0-1053-gbd8d5ba0ad to
                  | 0.31-a0-1265-gaa4636e842
 33335 | Vaults:1 | Entered Level 1 of the Vaults
 33515 | Vaults:1 | Reached skill level 23 in Fighting
 34642 | Vaults:1 | Reached XP level 19. HP: 196/196 MP: 27/27
 34858 | Vaults:1 | Found Cikla's Jewellery Emporium.
 34866 | Vaults:1 | Bought the amulet of Vitality {RegenMP++ Regen++} for 1600
                  | gold pieces
 34866 | Vaults:1 | Found the amulet of Vitality {RegenMP++ Regen++}
 34879 | Vaults:1 | Reached XP level 20. HP: 205/205 MP: 29/29
 35295 | Vaults:2 | Found a staircase to the Crypt.
 35295 | Vaults:2 | Found a basalt altar of Yredelemnul.
 35322 | Vaults:2 | Found an ancient bone altar of Kikubaaqudgha.
 35421 | Vaults:2 | Reached skill level 24 in Fighting
 35502 | Vaults:2 | Identified the +12 mace "Futraach" {flame, rElec Will-
                  | rCorr Dex+3}
 37122 | Vaults:3 | Found Nevvinoo's Distillery.
 37203 | Vaults:3 | Bought a potion of mutation for 96 gold pieces
 37203 | Vaults:3 | Bought a potion of might for 48 gold pieces
 37203 | Vaults:3 | Bought a potion of resistance for 120 gold pieces
 37494 | Vaults:3 | Identified the staff of Liompech {rC+ Str+2 Tloc Earth}
 38073 | Vaults:4 | Reached skill level 25 in Fighting
 38217 | Vaults:4 | Reached XP level 21. HP: 217/217 MP: 30/30
 38568 | Vaults:4 | Paralysed by a formless jellyfish for 1 turns
 39225 | Elf:1    | Entered Level 1 of the Elven Halls
 39416 | Elf:1    | Found Ifisujom's Antique Weapon Shop.
 39664 | Elf:1    | Identified the +3 shortbow "Obay" {elec, rF+ Str+5}
 40005 | Elf:1    | Found Igiforul's Magic Scroll Boutique.
 40012 | Elf:1    | Bought a scroll of enchant armour for 135 gold pieces
 40012 | Elf:1    | Bought a scroll of enchant armour for 135 gold pieces
 40143 | Elf:1    | Noticed Agnes
 40148 | Elf:1    | Killed Agnes
 40263 | Elf:3    | Entered Level 3 of the Elven Halls
 40351 | Elf:2    | Found Suca's Book Shop.
 40404 | Elf:2    | Found Atigeer's Jewellery Boutique.
 40405 | Elf:2    | Found Rarirun's Book Emporium.
 40405 | Elf:2    | Found Natopos's Book Emporium.
 40795 | Elf:2    | Found a runed translucent gate.
 40795 | Elf:2    | Found a runed translucent gate.
 40796 | Elf:2    | Found a runed translucent gate.
 40848 | Elf:2    | Reached skill level 15 in Invocations
 41004 | Elf:2    | Reached skill level 26 in Fighting
 41372 | Elf:3    | Identified the +0 plate armour "Zuarik" {Rampage}
 41710 | Elf:3    | Killed from afar by a deep elf annihilator

Illustrated notes

Levels and vault maps discovered:
D:1:      minmay_arrival_four_circles, layout_basic, chequers_decorated_corner
D:2:      layout_basic, minmay_distorted, uniq_robin, uniq_crazy_yiuf_cottage
D:3:      layout_loops_ring, lemuel_doored_altar, cheibrodos_sewer_entry_bend,
          uniq_sigmund, uniq_grinder
D:4:      layout_loops_cross, lightli_temple_of_fire,
          gammafunk_temple_overflow_pools, uniq_blork_the_orc
D:5:      layout_loops_ring, kennysheep_decorative_pillar,
          minmay_misc_feat_enclosed, nicolae_elemental_shop
D:6:      layout_basic, minmay_temple_entry_glass, nicolae_stop_n_shop_2,
          uniq_duvessa, uniq_prince_ribbit1
D:7:      layout_loops_cross, serial_rivers, chequers_serial_rivers_micro_b,
          chequers_serial_rivers_micro_a, chequers_serial_rivers_small_3,
          chequers_serial_rivers_micro_b, chequers_serial_rivers_micro_e,
          chequers_serial_rivers_micro_a, hangedman_decor_peaks_small
D:8:      layout_rooms
D:9:      layout_basic, dpeg_oklobed_lair, david_orc_2
D:10:     layout_basic, nicolae_gozag_cash_rules_everything_around_me,
          elyvilon_altar_5, enter_bailey_8, grunt_ministairs_1,
          hangedman_tell_no_tales
D:11:     layout_gridville, portal_ice_cave_demonic_guard,
          kennysheep_windowed_goal
D:12:     layout_basic, drop_trap, uniq_azrael, uniq_jorgrun, uniq_psyche
D:13:     layout_irregular_city, erik_vaults_1, zin_statuary, uniq_maurice,
          uniq_nessos
D:14:     layout_rooms, fedhas_altar_1
D:15:     gammafunk_depths_entry_grave, layout_cave_pools,
          grunt_decor_arrowhead, serial_bayou, serial_bayou_ford_a,
          serial_bayou_lagoon_a, serial_bayou_pond_a, serial_bayou_lake_a,
          serial_bayou_lagoon_b, serial_bayou_pond_d, serial_shops,
          nicolae_shop_crystal, kennysheep_inner_square
Temple:   eino_temple_scatter_basement
Lair:1:   layout_big_grid, grunt_megastairs_5, uniq_maggie, uniq_sonja
Lair:2:   layout_cellular_growth, elwin_shoals_entry_stream
Lair:3:   layout_cave_pods, spider_nest_entry_rubble, st_stairs_8,
          hangedman_lair_unloving_vines, chequers_serial_rivers_micro_c,
          beast_lair_carwin_3
Lair:4:   layout_cave_pods, slime_entry_1, ebering_ghost_reflecting_pool
Lair:5:   evil_forest, layout_long_grid, gammafunk_ghost_ooze
Shoals:1: layout_shoals, nicolae_shoals_nymph_descending_staircase
Shoals:2: layout_shoals, serial_shops, freezing_bzr, uniq_ilsuiw
Shoals:3: layout_shoals, hangedman_shoals_cup_caves
Shoals:4: shoals_end_hellmonk_lost_city, uniq_louise
Spider:1: layout_spider_delve, nzn_ghost_randoct
Spider:2: layout_spider_delve, drop_trap, nicolae_spider_twisty_arc_passages
Spider:3: layout_spider_delve, nicolae_arachne_temple, uniq_kirke,
          uniq_bai_suzhen, uniq_arachne
Spider:4: grunt_spider_rune_circles
Orc:1:    lemuel_ogre_cave, layout_diamond_mine, uniq_josephine
Orc:2:    grunt_orc_tribal_feast, layout_caves, gammafunk_ghost_stat_death,
          uniq_urug
Elf:1:    layout_geoelf_grid, serial_shops, shop, shop,
          hangedman_elven_crosses_minicolossus, grunt_ministairs_5, uniq_agnes
Elf:2:    nicolae_elf_blades_splatter_lattice
          [nicolae_blade_entry_diamond_columns], layout_geoelf_octagon,
          serial_shops, shop, guppyfry_elf_garden, minmay_shop_grove
Elf:3:    minmay_elf_hall_not_hex, layout_geoelf_diagonals,
          hangedman_corner_corridor
Vaults:1: nicolae_vaults_lightning_bolt, nicolae_vaults_trapezoid_3,
          vaults_room_boxed, v_alt_pattern_1, vaults_room_grunt_arrival_ludios,
          v_alt_pattern_1, nicolae_vaults_shelves_hall,
          nicolae_vaults_tangram_1, nicolae_vaults_minivaults,
          vaults_room_fours, vaults_room_large_hall, layout_vaults_ring,
          serial_shops, shop
Vaults:2: v_misc_1, minmay_crypt_entry_necro_gods,
          nicolae_vaults_security_offices_5, nicolae_vaults_network_quinsquares
          [nicolae_vaults_network_quincunx_subvault,
          nicolae_vaults_network_quincunx_subvault,
          nicolae_vaults_network_quincunx_subvault,
          nicolae_vaults_network_quincunx_subvault], ontoclasm_vaults_tryst,
          nicolae_vaults_disjoint_gnomons, nicolae_vaults_diamond_1,
          hangedman_vaults_corner_blocks, hangedman_vaults_stitches,
          nicolae_vaults_closet_pinwheel_6, vaults_mumra_chevron,
          hangedman_vaults_trim, layout_vaults_omnibox
Vaults:3: v_misc_13, v_misc_17, nicolae_vaults_network_square,
          kennysheep_ogre_elephant_herders, hangedman_vaults_nails,
          nicolae_vaults_weapon_check, vaults_dpeg_hooks,
          vaults_dpeg_emergency_exit, layout_vaults_omnigrid, serial_shops, shop
Vaults:4: hangedman_vaults_corner, v_rooms_3, nicolae_vaults_double_plus_2,
          nicolae_vaults_hexular_roomagon, ontoclasm_vaults_gateway, v_misc_28,
          vaults_mumra_bighexcomb, ontoclasm_vaults_decontamination, v_misc_1,
          ontoclasm_vaults_chip, layout_vaults_chaotic_city

Skill      XL: |  1  2  3  4  5  6  7  8  9 10 11 12 13 14 15 16 17 18 19 20 21 |
---------------+----------------------------------------------------------------+-----
Fighting       | 4 5 6 7 8 9 11 13 15 17 18 20 22 23 25 26 | 26.2
Armour         | 4 5 6 7 9 12 14 16 17 19 20 21 | 21.3
Shields        | 4 5 6 7 9 11 13 14 15 16 18 19 | 19.9
Maces & Flails | 3 4 5 6 8 10 12 14 15 16 17 18 19 20 | 20.2
Dodging        | 1 2 3 4 5 6 |  6.1
Invocations    | 1 2 5 6 8 9 10 11 12 13 14 15 | 15.2
Evocations     | 3 |  3.3
Throwing       | 2 |  2.1

Action                     |  1- 3 |  4- 6 |  7- 9 | 10-12 | 13-15 | 16-18 | 19-21 || total
---------------------------+-------+-------+-------+-------+-------+-------+-------++-------
  Melee: Flail             |    83 |   145 |   309 |   663 |  1093 |  1324 |  1089 ||  4706
         Headbutt          |    16 |    25 |    57 |   137 |   289 |   390 |   379 ||  1293
  Throw: Boomerang         |       |       |       |     1 |       |       |       ||     1
         Javelin           |       |       |       |     2 |     4 |     5 |       ||    11
 Invoke: Minor Destruction |       |       |     9 |    19 |    14 |    11 |       ||    53
         Lesser Servant of |       |       |       |     4 |     6 |    13 |       ||    23
         Greater Servant o |       |       |       |       |       |     2 |       ||     2
  Evoke: Wand              |       |       |       |       |       |     1 |       ||     1
    Use: Potion            |     1 |     1 |     2 |     1 |       |     7 |     3 ||    15
         Scroll            |       |     6 |     1 |    11 |    13 |     2 |       ||    33
   Stab: Distracted        |       |       |       |     1 |     1 |     2 |       ||     4
         Invisible         |       |       |       |       |       |     2 |       ||     2
 Armour: Scale mail        |    36 |    52 |    20 |       |       |       |       ||   108
         Chain mail        |       |       |    71 |   114 |   105 |       |       ||   290
         Plate armour      |       |       |       |    57 |   124 |   497 |   506 ||  1184
         Skin              |       |       |       |       |     5 |       |       ||     5
  Dodge: Dodged            |    34 |    69 |    75 |    82 |   153 |   282 |   161 ||   856
  Block: Buckler           |    13 |    28 |   131 |    70 |       |       |       ||   242
         Reflection        |       |       |     4 |    10 |    22 |   138 |     4 ||   178
         Kite shield       |       |       |       |   315 |   741 |  1211 |   594 ||  2861

Table legend: (Time is in decaauts)
 A = Elapsed time spent in this place.
 B = Non-inter-level travel time spent in this place.
 C = Inter-level travel time spent in this place.
 D = Time resting spent in this place.
 E = Time spent auto-exploring this place.
 F = Levels seen in this place.
 G = Mean time per level.
                   A        B        C        D        E       F      G
               +--------+--------+--------+--------+--------+-----+--------+
         Total |  40160 |  37012 |   3148 |   3152 |  24220 |  42 |  956.2 |
       Dungeon |  14217 |  12475 |   1742 |    937 |   8413 |  15 |  947.8 |
        Temple |    158 |    148 |     10 |      0 |    133 |   1 |  158.0 |
          Lair |   3815 |   3448 |    367 |      0 |   2666 |   5 |  763.0 |
        Shoals |   4842 |   4654 |    188 |   1058 |   2508 |   4 | 1210.5 |
   Spider Nest |   4767 |   4522 |    245 |    436 |   2958 |   4 | 1191.8 |
  Orcish Mines |   1757 |   1571 |    186 |      0 |   1002 |   2 |  878.5 |
   Elven Halls |   2297 |   2224 |     73 |      0 |   1623 |   3 |  765.7 |
        Vaults |   5210 |   4876 |    334 |      0 |   3798 |   4 | 1302.5 |
        Bazaar |    165 |    165 |      0 |      0 |     80 |   1 |  165.0 |
         Sewer |    474 |    474 |      0 |      0 |    283 |   1 |  474.0 |
        Bailey |   1286 |   1286 |      0 |    520 |    193 |   1 | 1286.0 |
      Ice Cave |   1166 |   1166 |      0 |    201 |    562 |   1 | 1166.0 |
               +--------+--------+--------+--------+--------+-----+--------+

Top non-repeatable levels by time:
Shoals:3: 1916 daAuts
Spider:4: 1539 daAuts
Vaults:1: 1500 daAuts
Vaults:3: 1387 daAuts
  Bailey: 1286 daAuts
Vaults:2: 1263 daAuts
     D:6: 1242 daAuts
Spider:2: 1241 daAuts
Spider:3: 1173 daAuts
   IceCv: 1166 daAuts
  Lair:5: 1154 daAuts
   Orc:2: 1139 daAuts
    D:10: 1083 daAuts
Shoals:4: 1076 daAuts
Vaults:4: 1059 daAuts
